 Dungeon Crawl Stone Soup version 0.32-a0-473-gd044c6f0f0 (webtiles) character file.

Game seed: 13492466412460341057

2279 ezpacito the Trooper (level 9, -4/68 HPs)
             Began as a Demonspawn Chaos Knight on Feb 26, 2024.
             Was a Plaything of Xom.
             Shot with an arrow by an orc warrior (13 damage)
             ... on level 6 of the Dungeon.
             The game lasted 00:11:54 (4781 turns).

ezpacito the Trooper (Demonspawn Chaos Knight)      Turns: 4781, Time: 00:11:54

Health: -4/68      AC: 10    Str: 15    XL:     9   Next: 16%
Magic:  14/14      EV: 11    Int: 13    God:    Xom [...*..]
Gold:   211        SH:  0    Dex: 12    Spells: 5/14 levels left

rFire   . .          .
                       - Unarmed
rCold   + + .        (no shield)
rNeg    + . .        l - +1 ring mail of the Voracious God {Rampage rC++}
rPois   .            q - +0 helmet
rElec   +            (no cloak)
rCorr   .            (no gloves)
SInv    .            (no boots)
Will    .....        (no amulet)
Stlth   +            f - ring of positive energy
HPRegen 0.31/turn    (no ring)
MPRegen 0.14/turn

%: rampage
@: weak-willed
A: spiny 1, sharp scales 1, weakness stinger 2, shaggy fur 1, electricity
resistance, weak 1, wild magic 1, inability to drink after injury 1
a: Renounce Religion


You were on level 6 of the Dungeon.
You worshipped Xom.
You were a favourite toy of Xom.
You visited 1 branch of the dungeon, and saw 6 of its levels.

You collected 263 gold pieces.
You spent 52 gold pieces at shops.

Inventory:

Hand Weapons
 a - a +0 hand axe of chaos
 c - a +0 heavy war axe
Missiles
 h - 6 curare-tipped darts (quivered)
 j - 4 datura-tipped darts
 s - 3 boomerangs
 z - 6 atropa-tipped darts
Armour
 b - a +0 tower shield
 d - a +1 chain mail of fire resistance
 l - the +1 ring mail of the Voracious God (worn) {Rampage rC++}
   (You found it on level 2 of the Dungeon)

   rC++:      It greatly protects you from cold.
   Rampage:   It bestows one free step when moving towards enemies.
 q - a +0 helmet (worn)
Magical Staves
 m - a staff of conjuration
 n - a staff of fire
Jewellery
 f - a ring of positive energy (left hand)
Talismans
 A - a storm talisman
Wands
 t - a wand of digging (3)
Scrolls
 i - 3 scrolls of teleportation
 o - a scroll of brand weapon
 x - a scroll of revelation
Potions
 p - 2 potions of enlightenment


   Skills:
 * Level 5.1 Fighting
 * Level 4.4(4.7) Axes
 + Level 2.2(3.7) Polearms
 + Level 1.9 Throwing
 * Level 4.1 Armour
 * Level 3.7 Dodging
 + Level 2.2 Stealth
 * Level 3.3 Unarmed Combat
 * Level 3.4 Spellcasting
 + Level 1.7 Conjurations
 + Level 1.7 Summonings
 * Level 3.3 Necromancy
 + Level 1.8 Alchemy
 + Level 1.6 Evocations


You had 5 spell levels left.
You knew the following spells:

 Your Spells              Type           Power      Damage    Failure   Level
a - Call Imp              Summ           16%        N/A       38%         2
b - Blink                 Tloc           4%         N/A       61%         2
c - Sublimation of Blood  Necr           14%        N/A       22%         2
d - Necrotise             Necr           56%        1d6       16%         1
e - Sting                 Conj/Alch      32%        1d5       28%         1
f - Apportation           Tloc           4%         N/A       47%         1

Your spell library contained the following spells:

 Spells                   Type           Power      Damage    Failure   Level
 Summon Small Mammal      Summ           32%        N/A       28%         1
 Momentum Strike          Conj/Tloc      10%        3d8       50%         2
 Lesser Beckoning         Tloc           4%         N/A       61%         2
 Summon Hydra             Summ           4%         N/A       100%        7
 Chain Lightning          Conj/Air       2%         3d3       100%        9
 Fire Storm               Conj/Fire      2%         8d1       100%        9
 Shatter                  Erth           1%         3d5*      100%        9


Dungeon Overview and Level Annotations

Branches:
Dungeon (6/15)
 Temple: D:4-7

Altars:

Shops:
D:6 (?[


Innate Abilities, Weirdness & Mutations

You are partially covered in sharp spines.
You are partially covered in razor-sharp scales. (AC +1, Slay +1)
You have a tail ending in a sharp stinger.
You are covered in fur. (AC +1)
You are resistant to electric shocks. (rElec)
You are weak. (Str -2)
Your spells are a little harder to cast, but a little more powerful.
You occasionally lose the ability to drink potions when taking damage.


Message History

Okay, then.
You rampage towards the orc warrior!
The helpless orc warrior fails to defend itself.
You hit the orc warrior but do no damage.
You tail-slap the orc warrior, but do no damage.
The helpless orc warrior fails to defend itself.
You hit the orc warrior.
You tail-slap the orc warrior, but do no damage.
The orc warrior is lightly wounded.
The helpless orc warrior fails to defend itself.
You hit the orc warrior.
The orc warrior is lightly wounded.
The orc warrior is no longer petrified.
The orc warrior unwields a +0 orcbow.
The orc warrior wields a +0 scimitar.
The orc warrior is struck by your spines.
The orc warrior hits you with a +0 scimitar.
Okay, then.
You hit the orc warrior but do no damage.
The orc warrior is moderately wounded.
The orc warrior closely misses you.
You hit the orc warrior but do no damage.
The orc warrior is moderately wounded.
The orc warrior hits you with a +0 scimitar!!
* * * LOW HITPOINT WARNING * * *
You hit the orc warrior but do no damage.
The orc warrior is moderately wounded.
The orc warrior barely misses you.
You barely miss the orc warrior.
You tail-slap the orc warrior, but do no damage.
The orc warrior is moderately wounded.
The orc warrior is struck by your spines.
The orc warrior barely misses you.
You hit the orc warrior but do no damage.
The orc warrior is heavily wounded. "Serve the toy, my child!"
The orc warrior hits you with a +0 scimitar.
* * * LOW HITPOINT WARNING * * *
The orc warrior unwields a +0 scimitar.
The orc warrior wields a +0 orcbow.
The orc warrior shoots an arrow.
The arrow hits you!
You die...

#########)#.### *,* **
#######..∩..### *,* ,*
###########.#.#..## *,* ,*
#.....#####.)....## *,*
,**###.....#####......## *,*
,*#........#####....).#######.***
.##.##.....#####........../......
...........'..o'......)..........
,,#...<.....####@........).......
,,######.##..###.5...............
,........###.#.....).............
,.##########...##...)............
,,* ##....÷#.........?...b.. ,,*
*##.......#####........... *,****
#.....∩[..#####...........
*,,,,**#......)..# ##...........
****,,,+..#.)...## #.....#####..


You could see an orc warrior (weak-willed, ally target) and a friendly iron imp
(summoned).

Vanquished Creatures
  Jeremiah (D:6)
  Menkaure (D:5)
  Edmund (D:5)
  Duvessa (D:5)
  A water moccasin (D:5)
  An ice beast (D:6)
  4 ogres
  A phantom (D:5)
  2 bullfrogs (D:6)
  2 scorpions (D:5)
  Blork the orc (D:6)
  3 wights (D:5)
  Dowan (D:5)
  2 howler monkeys
  A hound (D:6)
  2 orc priests (D:3)
  A jelly (D:5)
  3 iguanas
  Ijyb (D:4)
  Terence (D:3)
  2 orc wizards
  10 adders
  3 gnolls (D:3)
  A shadow imp (D:5)
  2 white imps
  5 ufetubi (D:6)
  2 dart slugs
  3 ribbon worms
  12 orcs
  8 endoplasms
  3 giant cockroaches
  15 goblins
  7 hobgoblins
  7 kobolds
  3 quokkas
  6 ball pythons
  5 bats
  A frilled lizard (D:3)
  4 rats (D:1)
130 creatures vanquished.

Vanquished Creatures (collateral kills)
  Robin (D:2)
  A goblin (D:2)
2 creatures vanquished.

Vanquished Creatures (others)
  An ufetubus (D:6)
  An orc (D:6)
2 creatures vanquished.

Grand Total: 134 creatures vanquished

Notes
Turn   | Place    | Note
-------+----------+-------------------------------------------
     0 | D:1      | ezpacito the Demonspawn Chaos Knight began the quest for
                  | the Orb.
     0 | D:1      | Reached XP level 1. HP: 18/18 MP: 1/1
    42 | D:1      | XOM: potion effect (brilliance)
    51 | D:1      | Reached skill level 1 in Dodging
    63 | D:1      | Gained mutation: You are partially covered in sharp spines.
                  | [demonic ancestry]
    63 | D:1      | Reached XP level 2. HP: 19/24 MP: 2/2
   137 | D:1      | XOM: cloud trail
   329 | D:1      | Found a faded altar of an unknown god.
   344 | D:1      | Reached XP level 3. HP: 29/29 MP: 3/3
   463 | D:1      | You fall into a shaft and drop 1 floor!
   486 | D:2      | Identified the +1 ring mail of the Voracious God {Rampage
                  | rC++}
   707 | D:1      | XOM: silly message
   784 | D:2      | XOM: divination: detect items
   938 | D:2      | XOM: silly message
   969 | D:2      | XOM: divination: magic mapping
  1057 | D:2      | Noticed Robin
  1071 | D:2      | Reached skill level 1 in Unarmed Combat
  1081 | D:2      | XOM: summons friendly ufetubus
  1086 | D:2      | Killed Robin
  1087 | D:2      | Reached skill level 1 in Spellcasting
  1115 | D:2      | Gained mutation: You have a small tail. [demonic ancestry]
  1115 | D:2      | Reached XP level 4. HP: 34/35 MP: 5/5
  1155 | D:2      | XOM: give mutations
  1155 | D:2      | Gained mutation: You are strong-willed. (Will+) [Xom's
                  | grace]
  1155 | D:2      | Gained mutation: You passively dampen the noise of your
                  | surroundings. [Xom's grace]
  1254 | D:2      | XOM: scenery: summon butterflies
  1274 | D:2      | XOM: scenery: summon butterflies
  1439 | D:3      | XOM: god gift: 42 gold pieces
  1506 | D:3      | Lost mutation: You are strong-willed. (Will+) [potion of
                  | mutation]
  1506 | D:3      | Lost mutation: You passively dampen the noise of your
                  | surroundings. [potion of mutation]
  1506 | D:3      | Gained mutation: You are weak. (Str -2) [potion of
                  | mutation]
  1506 | D:3      | Gained mutation: You expend magic power (3 MP) to
                  | strengthen your wands. [potion of mutation]
  1506 | D:3      | Gained mutation: You have hidden genetic potential. [potion
                  | of mutation]
  1521 | D:3      | Reached skill level 1 in Stealth
  1521 | D:3      | XOM: polymorph butterfly -> endoplasm
  1523 | D:3      | Reached XP level 5. HP: 28/41 MP: 5/7
  1553 | D:3      | Gained mutation: Your system is resistant to poisons.
                  | (rPois) [hidden potential]
  1610 | D:3      | Noticed Terence
  1621 | D:3      | Killed Terence
  1700 | D:3      | Learned a level 2 spell: Call Imp
  1703 | D:3      | Learned a level 2 spell: Blink
  1706 | D:3      | Learned a level 2 spell: Sublimation of Blood
  1773 | D:3      | Reached skill level 1 in Polearms
  1805 | D:3      | Gained mutation: You are partially covered in razor-sharp
                  | scales. (AC +1, Slay +1) [demonic ancestry]
  1805 | D:3      | Reached XP level 6. HP: 28/48 MP: 8/8
  1819 | D:3      | XOM: god gift: wand of paralysis (3)
  1820 | D:3      | XOM: cloud trail
  2373 | D:4      | XOM: god gift: scroll labelled ARGHOXZA INLA {god gift}
  2525 | D:4      | XOM: scenery: summon butterflies
  2593 | D:4      | Noticed Ijyb
  2594 | D:4      | Paralysed by Ijyb for 2 turns
  2603 | D:4      | Reached skill level 4 in Fighting
  2608 | D:4      | Gained mutation: You are agile. (Dex +4, Str/Int -1)
                  | [hidden potential]
  2608 | D:4      | Lost mutation: You have hidden genetic potential. [hidden
                  | potential expressed]
  2612 | D:4      | Killed Ijyb
  2679 | D:4      | XOM: god gift: scroll of teleportation
  2713 | D:4      | Learned a level 1 spell: Necrotise
  2715 | D:4      | Learned a level 1 spell: Sting
  2717 | D:4      | Learned a level 1 spell: Apportation
  2826 | D:5      | Entered Level 5 of the Dungeon
  2844 | D:4      | Reached skill level 1 in Necromancy
  2844 | D:4      | Reached XP level 7. HP: 20/54 MP: 10/10
  3063 | D:5      | Lost mutation: Your system is resistant to poisons. (rPois)
                  | [potion of mutation]
  3063 | D:5      | Lost mutation: You are agile. (Dex +4, Str/Int -1) [potion
                  | of mutation]
  3063 | D:5      | Gained mutation: Your spells are a little harder to cast,
                  | but a little more powerful. [potion of mutation]
  3063 | D:5      | Gained mutation: You are covered in fur. (AC +1) [potion of
                  | mutation]
  3120 | D:5      | Reached skill level 1 in Throwing
  3226 | D:5      | XOM: give mutation
  3226 | D:5      | Gained mutation: You occasionally lose the ability to drink
                  | potions when taking damage. [Xom's mischief]
  3229 | D:5      | Noticed Edmund
  3230 | D:5      | XOM: noise
  3244 | D:5      | Killed Edmund
  3487 | D:5      | XOM: enchant monster (bad)
  3494 | D:5      | Noticed Menkaure
  3628 | D:5      | Killed Menkaure
  3629 | D:5      | Reached skill level 1 in Summonings
  3629 | D:5      | Reached skill level 1 in Evocations
  3629 | D:5      | Gained mutation: You have a tail ending in a sharp stinger.
                  | [demonic ancestry]
  3629 | D:5      | Reached XP level 8. HP: 51/61 MP: 11/11
  3682 | D:5      | Noticed Dowan
  3688 | D:5      | Killed Dowan
  3689 | D:5      | Reached skill level 1 in Conjurations
  3689 | D:5      | Noticed Duvessa
  3703 | D:5      | Killed Duvessa
  3704 | D:5      | Reached skill level 1 in Alchemy
  3753 | D:5      | XOM: torment (35/61 hp)
  3847 | D:5      | XOM: 4-stop teleportation journey
  3848 | D:5      | XOM: summons friendly crimson imp
  3856 | D:5      | XOM: cloud trail
  3989 | D:5      | XOM: give mutations
  3989 | D:5      | Lost mutation: You expend magic power (3 MP) to strengthen
                  | your wands. [Xom's mischief]
  3989 | D:5      | Gained mutation: You are resistant to electric shocks.
                  | (rElec) [Xom's mischief]
  3990 | D:5      | XOM: summons 5 hostile demons
  4145 | D:5      | XOM: noise
  4500 | D:6      | Found Jakhihium's Weapon Shop.
  4510 | D:6      | Noticed Jeremiah
  4518 | D:6      | XOM: destruction
  4536 | D:6      | Noticed Blork the orc
  4544 | D:6      | Found Didwat's Magic Scroll Shop.
  4544 | D:6      | XOM: blink monster(s)
  4547 | D:6      | Killed Jeremiah
  4561 | D:6      | Killed Blork the orc
  4567 | D:6      | Bought a scroll of fear for 52 gold pieces
  4605 | D:6      | XOM: 1-stop teleportation journey
  4607 | D:6      | XOM: butterfly on damage
  4613 | D:6      | Found Jeemaso's Antique Armour Emporium.
  4626 | D:6      | Reached XP level 9. HP: 16/67 MP: 13/13
  4638 | D:6      | Reached skill level 5 in Fighting
  4725 | D:6      | XOM: 2-stop teleportation journey
  4750 | D:6      | XOM: fog
  4755 | D:6      | XOM: enchant monster (good)
  4780 | D:6      | XOM: summons friendly iron imp
  4781 | D:6      | Shot with an arrow by an orc warrior

Illustrated notes

Levels and vault maps discovered:
D:1:      dpeg_arrival_another_circle, layout_rooms,
          dreamdust_ecumenical_altar_grove
D:2:      layout_basic, uniq_robin
D:3:      layout_basic, uniq_terence
D:4:      layout_loops_cross, st_stairs_2, uniq_ijyb
D:5:      layout_basic, zin_academy, serial_rivers,
          chequers_serial_rivers_micro_d, chequers_serial_rivers_small_3,
          chequers_serial_rivers_large_b, chequers_serial_rivers_micro_e,
          chequers_serial_rivers_micro_b, chequers_serial_rivers_large_a,
          uniq_duvessa, uniq_menkaure, uniq_edmund
D:6:      layout_basic, serial_shops, shop, nicolae_shop_bloodbath_and_beyond,
          nicolae_shop_crystal, nicolae_shop_just_a_little_nook, uniq_jeremiah,
          uniq_blork_the_orc

Skill      XL: |  1  2  3  4  5  6  7  8  9 |
---------------+----------------------------+-----
Dodging        | 1 2 3 |  3.7
Armour         | 2 3 4 |  4.1
Axes           | 3 4 |  4.4
Unarmed Combat | 1 2 3 |  3.3
Spellcasting   | 1 2 3 |  3.4
Stealth        | 1 2 |  2.2
Polearms       | 1 2 |  2.2
Fighting       | 4 5 |  5.1
Necromancy     | 1 2 3 |  3.3
Throwing       | 1 |  1.9
Summonings     | 1 |  1.7
Evocations     | 1 |  1.6
Conjurations   | 1 |  1.7
Alchemy        | 1 |  1.8

Action                     |  1- 3 |  4- 6 |  7- 9 || total
---------------------------+-------+-------+-------++-------
  Melee: Hand axe          |    86 |   111 |   155 ||   352
         Tailslap          |       |    16 |    24 ||    40
         Unarmed           |       |       |     9 ||     9
  Evoke: Wand              |       |       |    20 ||    20
    Use: Potion            |       |     8 |     4 ||    12
         Scroll            |       |     4 |    13 ||    17
   Stab: Confused          |       |     1 |     1 ||     2
         Paralysed         |       |       |    17 ||    17
         Petrified         |       |       |     3 ||     3
 Armour: Leather armour    |    24 |       |       ||    24
         Ring mail         |    18 |    66 |   115 ||   199
  Dodge: Dodged            |    63 |    41 |    85 ||   189

Table legend: (Time is in decaauts)
 A = Elapsed time spent in this place.
 B = Non-inter-level travel time spent in this place.
 C = Inter-level travel time spent in this place.
 D = Time resting spent in this place.
 E = Time spent auto-exploring this place.
 F = Levels seen in this place.
 G = Mean time per level.
                   A        B        C        D        E       F      G
               +--------+--------+--------+--------+--------+-----+--------+
         Total |   4877 |   4656 |    221 |    557 |   3074 |   6 |  812.8 |
       Dungeon |   4877 |   4656 |    221 |    557 |   3074 |   6 |  812.8 |
               +--------+--------+--------+--------+--------+-----+--------+

Top non-repeatable levels by time:
     D:5: 1492 daAuts
     D:4: 920 daAuts
     D:3: 796 daAuts
     D:2: 734 daAuts
     D:1: 642 daAuts
     D:6: 290 daAuts
